[Event "Titled Tuesday Blitz December 20 Late 2022"]
[White "Indjic, Aleksandar"]
[Black "Tologon tegin, Semetei"]
[WhiteFideId "911925"]
[BlackFideId "13800574"]
[WhiteElo "2616"]
[BlackElo "2264"]
[Result "1-0"]
[Round "04"]
[TimeControl "180+1"]
[Date "2022.12.20"]
[WhiteClock "0:00:21"]
[BlackClock "0:00:05"]

1. d4 Nf6 2. c4 e6 3. Nf3 Bb4+ 4. Nbd2 b6 5. a3 Bxd2+ 6. Qxd2 Ba6 7. e3 d5 8. b3 O-O 9. Bb2 Nbd7 10. Be2 Ne4 11. Qc2 Ndf6 12. Ne5 c5 13. O-O cxd4 14. exd4 Rc8 15. a4 Qc7 16. Rac1 Rfd8 17. Bd3 Qb7 18. Qe2 h6 19. Qe3 Nd7 20. Nxd7 Rxd7 21. Bxe4 dxe4 22. Rce1 Qc6 23. Qxe4 Qxe4 24. Rxe4 Bb7 25. Re5 Bc6 26. f3 a6 27. Rc1 Bb7 28. Kf2 Kf8 29. h4 Rdc7 30. h5 Kg8 31. Re2 Rd8 32. Ke3 Bc8 33. Rd2 f6 34. Rcd1 Kf7 35. g4 Re7 36. Ba3 Red7 37. Bb4 Bb7 38. Bc3 Re8 39. Kf2 Rc8 40. Bb4 Rcd8 41. a5 b5 42. Bc5 bxc4 43. bxc4 Bc6 44. Rb1 Rb7 45. Rxb7+ Bxb7 46. Rb2 Rd7 47. Rb6 Rc7 48. Ke3 e5 49. dxe5 fxe5 50. Bd6 Rd7 51. Bxe5 Re7 52. f4 Bc8 53. Rg6 Rb7 54. Rxg7+ Ke8 55. Rxb7 Bxb7 56. f5 Kf7 57. Bf4 Bg2 58. Bxh6 Bf1 59. c5 Bb5 60. g5 Bd7 61. Kf4 Kg8 62. Ke5 Kf7 63. g6+ Kg8 64. Bg5 Bc6 65. h6 Ba4 66. Bf6 1-0


[Site "https://www.chess.com"]

[Event "Titled Tuesday Blitz December 20 Late 2022"]
[White "Itkis, Boris"]
[Black "Radovanovic, Dusan"]
[WhiteFideId "1209167"]
[BlackFideId "926868"]
[WhiteElo "2216"]
[BlackElo "2337"]
[Result "1-0"]
[Round "04"]
[TimeControl "180+1"]
[Date "2022.12.21"]
[WhiteClock "0:00:09"]
[BlackClock "0:00:08"]

1. c4 e5 2. Nf3 Nc6 3. Nc3 Nf6 4. e4 Bb4 5. d3 d6 6. a3 Bc5 7. b4 Bb6 8. Be3 Bg4 9. Be2 Bxf3 10. Bxf3 Nd4 11. Na4 Nxf3+ 12. Qxf3 Bxe3 13. fxe3 O-O 14. O-O a5 15. b5 Nd7 16. Ra2 b6 17. h3 Qe7 18. Kf2 Nc5 19. Nxc5 dxc5 20. Ke1 Rad8 21. Rd2 Rd6 22. g4 Rfd8 23. Ke2 Qd7 24. Rfd1 c6 25. a4 cxb5 26. axb5 a4 27. Qf5 Qe7 28. Ra1 g6 29. Qf1 Qd7 30. Qb1 h5 31. gxh5 Qxh3 32. hxg6 Rxg6 33. Qf1 Rg2+ 34. Kd1 Qg4+ 35. Kc2 Rg3 36. Rxa4 Kg7 37. Ra7 Rf8 38. Rf2 Qg6 39. Kd2 Rg1 40. Qe2 Rg3 41. Kc3 Rg1 42. Ra2 Rc1+ 43. Kb2 Rg1 44. Kb3 Rg3 45. Rg2 Rxg2 46. Qxg2 Rh8 47. Qxg6+ Kxg6 48. Kc3 Rh3 49. Ra6 Rxe3 50. Rxb6+ Kg5 51. Rc6 f5 52. exf5 Kxf5 53. Rxc5 Kf4 54. b6 e4 55. b7 Rxd3+ 56. Kb4 Rd1 57. b8=Q+ Kf3 58. Qf8+ Ke2 59. Re5 e3 60. Qf4 Rd3 61. c5 Kd2 62. Qxe3+ Rxe3 63. Rxe3 Kxe3 64. c6 1-0


[Site "https://www.chess.com"]

[Event "Titled Tuesday Blitz December 20 Late 2022"]
[White "Izeta Txabarri, Felix"]
[Black "Belenkaya, Dina"]
[WhiteFideId "2200260"]
[BlackFideId "24142654"]
[WhiteElo "2461"]
[BlackElo "2209"]
[Result "0-1"]
[Round "04"]
[TimeControl "180+1"]
[Date "2022.12.21"]
[WhiteClock "0:00:01"]
[BlackClock "0:00:05"]

1. d4 Nf6 2. Nf3 c5 3. d5 b6 4. Nc3 d6 5. e4 Nbd7 6. Bb5 a6 7. Bc6 Ra7 8. e5 dxe5 9. Nxe5 Bb7 10. O-O Qc7 11. Re1 Bxc6 12. Nxc6 Rb7 13. Nxe7 Bxe7 14. d6 Qc6 15. Rxe7+ Kf8 16. Bf4 b5 17. Qe2 b4 18. Ne4 Nxe4 19. Rxe4 Nf6 20. Re7 Nd5 21. Re4 Nxf4 22. Rxf4 h5 23. Rd1 Rh6 24. Re4 Kg8 25. Re8+ Kh7 26. Qd3+ Rg6 27. Qe4 Qxe4 28. Rxe4 Rd7 29. Re5 Rgxd6 30. Rxd6 Rxd6 31. Kf1 Kg6 32. Rxc5 f5 33. Ke2 Kg5 34. Rc4 a5 35. h4+ Kf6 36. f3 g5 37. hxg5+ Kxg5 38. g3 Re6+ 39. Kd2 Rd6+ 40. Ke3 Rd1 41. Rc5 Re1+ 42. Kf2 Rb1 43. b3 Rb2 44. Ke3 Rxa2 45. Kd3 Ra1 46. Kc4 Rg1 47. Rxa5 Rxg3 48. Kxb4 Rxf3 49. c4 h4 50. c5 h3 51. Ra8 Rf4+ 52. Kb5 Rh4 0-1


[Site "https://www.chess.com"]

[Event "Titled Tuesday Blitz December 20 Late 2022"]
[White "Jumabayev, Rinat"]
[Black "Gomes, Luiz Alexandre de Souza"]
[WhiteFideId "13702661"]
[BlackFideId "2102790"]
[WhiteElo "2584"]
[BlackElo "2384"]
[Result "1-0"]
[Round "04"]
[TimeControl "180+1"]
[Date "2022.12.21"]
[WhiteClock "0:02:05"]
[BlackClock "0:00:13"]

1. Nf3 Nf6 2. c4 e6 3. g3 d5 4. Bg2 Be7 5. O-O O-O 6. d4 c6 7. Qc2 Nbd7 8. Nbd2 b6 9. e4 dxe4 10. Nxe4 Bb7 11. Rd1 Qc8 12. Nxf6+ Nxf6 13. c5 Rd8 14. Bf4 Nd5 15. Bd2 bxc5 16. dxc5 a5 17. a3 a4 18. Ng5 Bxg5 19. Bxg5 Rd7 20. Be4 h6 21. Bd2 Ba6 22. Re1 Bc4 23. Qxc4 Rb7 24. Rab1 Qb8 25. Qc2 Rb3 26. Bd3 Qb7 27. Bc4 Rf3 28. Kg2 Rf6 29. Re4 Qa7 30. Be2 Rb8 31. Rxa4 Qb7 32. Rc4 Qb3 33. Qxb3 Rxb3 34. Rc2 1-0


[Site "https://www.chess.com"]

[Event "Titled Tuesday Blitz December 20 Late 2022"]
[White "Kalajzic, Ivan"]
[Black "Aghasiyev, Kamal"]
[WhiteFideId "14506378"]
[BlackFideId "13402854"]
[WhiteElo "2163"]
[BlackElo "2341"]
[Result "1-0"]
[Round "04"]
[TimeControl "180+1"]
[Date "2022.12.21"]
[WhiteClock "0:00:24"]
[BlackClock "0:00:01"]

1. b3 e5 2. Bb2 Nc6 3. e3 Nf6 4. Bb5 Bd6 5. Na3 a6 6. Be2 Be7 7. Nf3 e4 8. Nd4 Nxd4 9. exd4 d5 10. c4 O-O 11. O-O c6 12. Nc2 Bd6 13. Ne3 Re8 14. d3 Bc7 15. dxe4 Nxe4 16. Bg4 Nxf2 17. Rxf2 Rxe3 18. Bxc8 Rxc8 19. Qg4 Re4 20. Qh3 Qe8 21. Raf1 f6 22. cxd5 cxd5 23. Rf5 Re2 24. Bc1 Bb6 25. Kh1 Qe6 26. Qg3 Bxd4 27. Bh6 g6 28. R5f3 Be5 29. Bf4 Re4 30. Bxe5 Qxe5 31. Rxf6 Qxg3 32. hxg3 Re7 33. Rd6 Re2 34. Rxd5 Rcc2 35. Rg1 Rxa2 36. Rd7 b5 37. Rc1 Rxg2 38. Rc8# 1-0


[Site "https://www.chess.com"]

[Event "Titled Tuesday Blitz December 20 Late 2022"]
[White "Kamsky, Gata"]
[Black "Jaracz, Pawel"]
[WhiteFideId "2000024"]
[BlackFideId "1102222"]
[WhiteElo "2666"]
[BlackElo "2460"]
[Result "1/2-1/2"]
[Round "04"]
[TimeControl "180+1"]
[Date "2022.12.20"]
[WhiteClock "0:02:44"]
[BlackClock "0:02:53"]

1. e4 c5 2. Nf3 e6 3. d4 cxd4 4. Nxd4 Nc6 5. Nb5 d6 6. c4 Nf6 7. N1c3 a6 8. Nd4 Be7 9. Be2 O-O 10. O-O d5 11. cxd5 exd5 12. exd5 Nxd5 13. Nxd5 Qxd5 14. Nxc6 1/2-1/2


[Site "https://www.chess.com"]

[Event "Titled Tuesday Blitz December 20 Late 2022"]
[White "Kaplan, Avi Harrison"]
[Black "Rodriguez Santiago, Jaime"]
[WhiteFideId "30934559"]
[BlackFideId "3100898"]
[WhiteElo "1983"]
[BlackElo "2025"]
[Result "0-1"]
[Round "04"]
[TimeControl "180+1"]
[Date "2022.12.21"]
[WhiteClock "0:00:14"]
[BlackClock "0:00:29"]

1. d4 d5 2. c4 c6 3. Nc3 Nf6 4. cxd5 cxd5 5. Bf4 a6 6. e3 Nc6 7. Be2 g6 8. g4 Bg7 9. h4 h5 10. gxh5 Nxh5 11. Bxh5 Rxh5 12. Nge2 Bg4 13. Qb3 b5 14. Ng3 Na5 15. Qb4 Rh8 16. Qc5 Bf3 17. Bc7 Nb7 18. Qc6+ Qd7 19. Qxb7 Rc8 20. Rg1 Qxc7 21. Qxa6 Rxh4 22. Qxb5+ Kf8 23. Nxd5 Qc2 24. Nf4 Bxd4 25. Qd3 Qxb2 26. Qxd4 Rc1+ 27. Qd1 Qxa1 28. Kd2 Qb2+ 29. Kd3 Qc3# 0-1


[Site "https://www.chess.com"]

[Event "Titled Tuesday Blitz December 20 Late 2022"]
[White "Kim, Sergey"]
[Black "Holt, Conrad"]
[WhiteFideId "13700570"]
[BlackFideId "2034387"]
[WhiteElo "2501"]
[BlackElo "2592"]
[Result "0-1"]
[Round "04"]
[TimeControl "180+1"]
[Date "2022.12.20"]
[WhiteClock "0:00:29"]
[BlackClock "0:00:24"]

1. d4 d5 2. c4 c6 3. Nf3 Nf6 4. Qc2 dxc4 5. Qxc4 Bf5 6. e3 Nbd7 7. Bd3 Bg4 8. Nbd2 e6 9. O-O Be7 10. e4 O-O 11. Re1 c5 12. e5 Nd5 13. Be4 Rc8 14. Qd3 Kh8 15. a3 cxd4 16. Bxh7 Nc5 17. Qb1 g6 18. Bxg6 fxg6 19. Qxg6 Bf5 20. Qh6+ Bh7 21. Ne4 Rxf3 22. gxf3 Qg8+ 23. Kh1 Qf7 24. Qh3 Nd3 25. Rg1 Qf5 26. Qh6 Qxf3+ 27. Rg2 Rg8 28. Ng5 Bxg5 29. Bxg5 Nxf2+ 30. Kg1 Nh3+ 31. Kh1 Nxg5 32. Qxe6 Nxe6 0-1


[Site "https://www.chess.com"]

[Event "Titled Tuesday Blitz December 20 Late 2022"]
[White "Kleinman, Michael"]
[Black "monkins"]
[WhiteFideId "2609479"]
[WhiteElo "2287"]
[BlackElo "2231"]
[Result "1-0"]
[Round "04"]
[TimeControl "180+1"]
[Date "2022.12.21"]
[WhiteClock "0:01:40"]
[BlackClock "0:00:09"]

1. e4 c5 2. Nf3 g6 3. d4 cxd4 4. Qxd4 Nf6 5. e5 Nc6 6. Qh4 Nxe5 7. Nxe5 Qa5+ 8. Nc3 Qxe5+ 9. Be2 Bg7 10. Bf4 Qa5 11. O-O O-O 12. Rfe1 d5 13. Rad1 Be6 14. Nb5 Rac8 15. Nd4 Bd7 16. Be5 a6 17. Bf3 Qxa2 18. g4 Rfe8 19. g5 Ne4 20. Bxg7 Kxg7 21. Bxe4 dxe4 22. Rxe4 h5 23. gxh6+ Kh7 24. Nf3 f6 25. Rxd7 Qf7 26. Qf4 Rxc2 27. Ng5+ 1-0


[Site "https://www.chess.com"]

[Event "Titled Tuesday Blitz December 20 Late 2022"]
[White "Koutlas, Nikolaos"]
[Black "Song, Guannan Terry"]
[WhiteFideId "25827138"]
[BlackFideId "2614189"]
[WhiteElo "2167"]
[BlackElo "2115"]
[Result "1-0"]
[Round "04"]
[TimeControl "180+1"]
[Date "2022.12.21"]
[WhiteClock "0:00:05"]
[BlackClock "0:00:11"]

1. Nf3 c5 2. g3 b6 3. Bg2 Bb7 4. O-O e6 5. c4 Nf6 6. Nc3 Be7 7. d3 O-O 8. e4 d6 9. h3 a6 10. Re1 Qc7 11. Bf4 Nbd7 12. Rc1 Rac8 13. g4 Qb8 14. g5 Nh5 15. Bh2 g6 16. h4 Ne5 17. Ne2 Ng4 18. Bg3 f5 19. Nh2 Ne5 20. f4 Nc6 21. Bf2 fxe4 22. Bxe4 Nxf4 23. Nxf4 Rxf4 24. Bg3 Rf7 25. Bxc6 Bxc6 26. Rxe6 Ba8 27. Qe2 Qb7 28. Qe4 Qd7 29. Qe2 Bf8 30. Rf1 Qb7 31. Rxf7 Qh1+ 32. Kf2 Qg2+ 33. Ke1 Kxf7 34. Rf6+ Kg8 35. Qe6+ Kh8 36. Qxc8 Qxg3+ 37. Kd2 Qxh2+ 38. Kc3 Qe5+ 39. Kb3 h5 40. Qxf8+ Kh7 41. Rf7+ Qg7 42. Qxg7# 1-0


[Site "https://www.chess.com"]

[Event "Titled Tuesday Blitz December 20 Late 2022"]
[White "Kravtsiv, Martyn"]
[Black "Richter, Paul"]
[WhiteFideId "14113147"]
[BlackFideId "2046350"]
[WhiteElo "2695"]
[BlackElo "2571"]
[Result "1-0"]
[Round "04"]
[TimeControl "180+1"]
[Date "2022.12.20"]
[WhiteClock "0:01:33"]
[BlackClock "0:00:04"]

1. e4 c5 2. Nf3 d6 3. Bb5+ Nc6 4. O-O Bd7 5. Re1 Nf6 6. c3 a6 7. Bf1 Bg4 8. h3 Bxf3 9. Qxf3 g6 10. d3 Bg7 11. Be3 Nd7 12. Nd2 O-O 13. Qg3 b5 14. f4 b4 15. Rec1 a5 16. Qf2 a4 17. a3 bxc3 18. bxc3 Na5 19. Rab1 Rb8 20. d4 Nb3 21. Nxb3 axb3 22. Bc4 Qa5 23. Bxb3 Qxa3 24. Qa2 Qxa2 25. Bxa2 cxd4 26. cxd4 Rxb1 27. Rxb1 Rb8 28. Rc1 Nf6 29. e5 Ne8 30. Bd5 e6 31. Bf3 d5 32. Rc3 h5 33. f5 Bf8 34. f6 Bb4 35. Rb3 Bd6 36. exd6 Rxb3 37. d7 Rb8 38. Bf4 Ra8 39. Be5 Kf8 40. Kf2 Kg8 41. Ke3 Kf8 42. Kd2 Kg8 43. Kc3 Kf8 44. Kb4 1-0


[Site "https://www.chess.com"]

[Event "Titled Tuesday Blitz December 20 Late 2022"]
[White "Krishnan, Varun"]
[Black "Ward, Ieuan C"]
[WhiteFideId "5054508"]
[BlackFideId "406627"]
[WhiteElo "2602"]
[BlackElo "2363"]
[Result "1-0"]
[Round "04"]
[TimeControl "180+1"]
[Date "2022.12.21"]
[WhiteClock "0:02:17"]
[BlackClock "0:01:50"]

1. d4 Nf6 2. c4 e6 3. g3 d5 4. Bg2 Be7 5. Nf3 O-O 6. O-O dxc4 7. Qc2 a6 8. a4 Bd7 9. Qxc4 Bc6 10. Bg5 h6 11. Bxf6 Bxf6 12. Nbd2 Nd7 13. a5 Bd5 14. Qc2 e5 15. e4 Bc6 16. Nb3 Re8 17. Rfd1 exd4 18. Nfxd4 Bb5 19. Nxb5 axb5 20. Nc5 Re7 21. Bh3 1-0


[Site "https://www.chess.com"]

[Event "Titled Tuesday Blitz December 20 Late 2022"]
[White "Kuzmicz, Krystian"]
[Black "Hirneise, Jens"]
[WhiteFideId "1119125"]
[BlackFideId "24614734"]
[WhiteElo "2379"]
[BlackElo "2345"]
[Result "0-1"]
[Round "04"]
[TimeControl "180+1"]
[Date "2022.12.21"]
[WhiteClock "0:00:41"]
[BlackClock "0:00:18"]

1. e4 c5 2. d3 Nc6 3. g3 h5 4. Bg2 h4 5. g4 d6 6. h3 e5 7. f4 exf4 8. Bxf4 g5 9. Bh2 Bg7 10. Nc3 a6 11. Nf3 Be6 12. Qd2 f6 13. Nd5 Nge7 14. c4 Bxd5 15. exd5 Ne5 16. Nxe5 dxe5 17. Be4 Qd6 18. O-O O-O 19. a3 b5 20. b4 Rfc8 21. Rfc1 Rab8 22. Rab1 bxc4 23. dxc4 Rd8 24. Qf2 Rdc8 25. Kh1 Ra8 26. Bg1 cxb4 27. c5 Qb8 28. axb4 Qb5 29. d6 Nc6 30. Bd5+ Kh8 31. Bc4 Qb7 32. Qf5 Nd4+ 33. Kh2 Nxf5 34. gxf5 Qf3 35. Be6 Qg3+ 36. Kh1 Qxh3+ 37. Bh2 Qf3+ 38. Kg1 g4 39. Rb3 Qe4 40. Bxc8 Rxc8 41. d7 Qd4+ 42. Kf1 Qxd7 43. Bg1 Bh6 44. Rcc3 Qxf5+ 45. Kg2 h3+ 46. Kh1 Qe4+ 47. Kh2 Qg2# 0-1


[Site "https://www.chess.com"]

[Event "Titled Tuesday Blitz December 20 Late 2022"]
[White "Lazavik, Denis"]
[Black "Zakhartsov, Vladimir"]
[WhiteFideId "13515110"]
[BlackFideId "4145097"]
[WhiteElo "2484"]
[BlackElo "2535"]
[Result "1-0"]
[Round "04"]
[TimeControl "180+1"]
[Date "2022.12.20"]
[WhiteClock "0:00:10"]
[BlackClock "0:00:03"]

1. d4 Nf6 2. c4 e6 3. Nf3 d5 4. g3 Bb4+ 5. Bd2 Be7 6. Bg2 O-O 7. O-O Nbd7 8. Qc2 c6 9. Bf4 b6 10. cxd5 cxd5 11. Rc1 Ba6 12. Nc3 b5 13. a4 Qb6 14. axb5 Bxb5 15. Nxb5 Qxb5 16. e3 a5 17. Bf1 Qb7 18. Qc6 Ra7 19. Bb5 Bb4 20. Qxb7 Rxb7 21. Bc6 Ra7 22. Kf1 h6 23. h4 Ne4 24. Ke2 f6 25. h5 Nb6 26. Bb5 Rc8 27. Rxc8+ Nxc8 28. Bd3 Ncd6 29. Ne1 Nc4 30. Nc2 Bd6 31. Bxe4 Bxf4 32. Bd3 Bd6 33. Bxc4 dxc4 34. Kd2 Rb7 35. Rxa5 Rxb2 36. Kc3 Rb1 37. Ra1 Rb5 38. Rh1 Rf5 39. f4 Ra5 40. Kxc4 f5 41. Kd3 Rb5 42. Ra1 Kf7 43. Ra6 Be7 44. Ne1 Rb3+ 45. Ke2 Bf6 46. Nd3 Be7 47. Ne5+ Kf6 48. d5 Rb2+ 49. Kf3 1-0


[Site "https://www.chess.com"]

[Event "Titled Tuesday Blitz December 20 Late 2022"]
[White "Leitao, Rafael"]
[Black "Bortnyk, Mykola"]
[WhiteFideId "2101246"]
[BlackFideId "14120836"]
[WhiteElo "2609"]
[BlackElo "2582"]
[Result "0-1"]
[Round "04"]
[TimeControl "180+1"]
[Date "2022.12.20"]
[WhiteClock "0:00:32"]
[BlackClock "0:01:02"]

1. c4 e5 2. Nc3 Nc6 3. Nf3 Nf6 4. e4 Bc5 5. Nxe5 Nxe5 6. d4 Bb4 7. dxe5 Nxe4 8. Qf3 d5 9. a3 Bxc3+ 10. bxc3 Qe7 11. Bf4 g5 12. cxd5 Qc5 13. Rc1 Qxd5 14. Bd3 Bf5 15. Bxg5 Qxe5 16. O-O Nxg5 17. Qxf5 Qxf5 18. Bxf5 Ke7 19. h4 Ne6 20. Rfe1 Rad8 21. Bxe6 fxe6 22. Re4 Rhf8 23. Rce1 Rf6 24. R1e2 Rd3 25. Rc2 Rf5 26. a4 Rc5 27. Rce2 Rc6 28. c4 Rc3 29. Rg4 h5 30. Rg5 R3xc4 31. Rxh5 Rxa4 32. Ree5 Kd6 33. Kh2 Rxh4+ 34. Rxh4 Kxe5 35. Rh5+ Kf6 36. Rh6+ Kg7 37. Rh4 a5 38. Rd4 b5 0-1


[Site "https://www.chess.com"]

[Event "Titled Tuesday Blitz December 20 Late 2022"]
[White "Li, Hui"]
[Black "Przybylski, Wojciech"]
[WhiteFideId "15400310"]
[BlackFideId "1117599"]
[WhiteElo "1954"]
[BlackElo "2217"]
[Result "0-1"]
[Round "04"]
[TimeControl "180+1"]
[Date "2022.12.21"]
[WhiteClock "0:00:01"]
[BlackClock "0:00:21"]

1. e4 c5 2. Nf3 d6 3. d4 cxd4 4. Nxd4 Nf6 5. Nc3 a6 6. Be2 e5 7. Nb3 Be7 8. O-O O-O 9. Be3 Qc7 10. Qd2 Be6 11. Rfd1 Nbd7 12. a4 Nb6 13. a5 Nc4 14. Bxc4 Qxc4 15. f3 Rfd8 16. Bb6 Rd7 17. Qf2 Qc6 18. Nc1 Rc8 19. Nd3 Re8 20. Nb4 Qc4 21. Nbd5 Nxd5 22. Nxd5 Bf8 23. b3 Qc6 24. c4 f5 25. Nc7 Rxc7 26. Bxc7 Qxc7 27. exf5 Bxf5 28. Qd2 Be6 29. h3 Rd8 30. Qg5 Be7 31. Qe3 h6 32. Rd3 Bf5 33. Rdd1 Bf8 34. Qd2 Rd7 35. Qd5+ Kh7 36. Rac1 Qc6 37. Kh2 Qxd5 38. Rxd5 Be6 39. Rd2 Rc7 40. c5 d5 41. b4 Be7 42. Rdc2 Bd7 43. Rd2 Bc6 44. Rcd1 Bg5 45. Re2 Re7 46. Rde1 Kg6 47. g3 Bf6 48. f4 e4 49. g4 d4 50. Kg3 Kf7 51. h4 g5 52. fxg5 hxg5 53. h5 Be5+ 54. Kh3 Bf4 55. Rf1 d3 56. Ref2 e3 57. Rxf4+ gxf4 58. Rxf4+ Kg7 59. g5 e2 60. h6+ Kh7 61. Rf6 Be4 62. Kg4 Bg6 0-1


[Site "https://www.chess.com"]

[Event "Titled Tuesday Blitz December 20 Late 2022"]
[White "Liu, Kelsey"]
[Black "White, John S."]
[WhiteFideId "30944481"]
[BlackFideId "2502348"]
[WhiteElo "2298"]
[BlackElo "1962"]
[Result "1-0"]
[Round "04"]
[TimeControl "180+1"]
[Date "2022.12.21"]
[WhiteClock "0:01:02"]
[BlackClock "0:00:53"]

1. e4 c5 2. Nf3 e6 3. d4 cxd4 4. Nxd4 Nc6 5. Nc3 d6 6. Be3 Nf6 7. Be2 Be7 8. O-O O-O 9. f4 a6 10. Bf3 Qc7 11. a4 Bd7 12. Kh1 Nxd4 13. Qxd4 e5 14. Qd2 Rad8 15. f5 Bc6 16. Nd5 Bxd5 17. exd5 Rc8 18. c3 Qc4 19. Rfd1 Ng4 20. Bg1 Bf6 21. b3 Qf4 22. Qxf4 exf4 23. Bxg4 Bxc3 24. Rac1 Bb4 25. Rxc8 Rxc8 26. f6 Rc3 27. fxg7 Rxb3 28. Bd4 Bc5 29. Bxc5 dxc5 30. d6 Kxg7 31. d7 Rd3 32. Rxd3 1-0


[Site "https://www.chess.com"]

[Event "Titled Tuesday Blitz December 20 Late 2022"]
[White "Makridis, Dimitrios"]
[Black "Saveliev, Alexei"]
[WhiteFideId "25864475"]
[BlackFideId "24128546"]
[WhiteElo "2272"]
[BlackElo "2290"]
[Result "1/2-1/2"]
[Round "04"]
[TimeControl "180+1"]
[Date "2022.12.20"]
[WhiteClock "0:00:53"]
[BlackClock "0:01:07"]

1. e4 c5 2. Nf3 d6 3. c3 Nf6 4. Be2 g6 5. O-O Bg7 6. Re1 O-O 7. Bf1 Bg4 8. h3 Bxf3 9. Qxf3 Nc6 10. d3 Qc7 11. Nd2 b5 12. Qd1 Rab8 13. Nf3 b4 14. d4 bxc3 15. bxc3 Qa5 16. Bd2 Qa3 17. e5 dxe5 18. dxe5 Ne8 19. e6 f5 20. Rb1 Rxb1 21. Qxb1 Bxc3 22. Re3 Qb2 23. Qxb2 Bxb2 24. Bc3 Bxc3 25. Rxc3 Nd4 26. Rxc5 Nxf3+ 27. gxf3 Kg7 28. Ra5 Kf6 29. Rxa7 Nd6 30. a4 Rc8 31. a5 Rc1 32. a6 Kxe6 33. Ra8 Ra1 34. Kg2 f4 35. Bd3 Ra3 36. a7 Kf7 37. Bc2 Kg7 38. Be4 Nb5 39. Rb8 Nxa7 40. Rb7 Kf6 41. Rb8 Ra5 42. h4 Nb5 43. Rb6+ Nd6 44. Kh3 Rb5 45. Ra6 h5 46. Kg2 Rb3 47. Bd5 Rd3 48. Be4 Rd2 49. Bc6 Kf7 50. Be4 Nxe4 51. fxe4 Rd3 52. Rb6 e6 53. e5 Rd5 54. Rb7+ Kf8 55. Kf3 Rxe5 56. Kxf4 Rf5+ 57. Kg3 Rf7 58. Rb6 Ke7 59. Rb7+ Kf6 60. Rb6 Rd7 61. Ra6 Rd3+ 62. f3 Rd4 63. Rb6 Rd5 64. Ra6 Kf5 65. Ra8 e5 66. Rf8+ Ke6 67. Ra8 Rd3 68. Ra6+ Kf5 69. Ra8 Rb3 70. Rf8+ Ke6 71. Re8+ Kf6 72. Kg2 Rb4 73. Kg3 Rc4 74. Rf8+ Ke7 75. Rg8 Kf7 76. Ra8 e4 77. Ra7+ Kf6 78. Ra6+ Kg7 79. Ra7+ Kh6 80. fxe4 Rxe4 81. Rb7 Rg4+ 82. Kh3 Rc4 83. Ra7 Rc3+ 84. Kh2 Rb3 85. Rc7 Rb6 86. Rd7 g5 87. hxg5+ Kxg5 88. Rd5+ Kg4 89. Rd4+ Kf3 90. Rh4 Rb5 91. Ra4 Rf5 92. Kh3 Rf4 93. Rxf4+ Kxf4 94. Kh4 Kf5 95. Kxh5 1/2-1/2


[Site "https://www.chess.com"]

[Event "Titled Tuesday Blitz December 20 Late 2022"]
[White "Maksimovic, Bojan"]
[Black "Bortnyk, Olexandr"]
[WhiteFideId "14408120"]
[BlackFideId "14120828"]
[WhiteElo "2462"]
[BlackElo "2723"]
[Result "0-1"]
[Round "04"]
[TimeControl "180+1"]
[Date "2022.12.20"]
[WhiteClock "0:00:07"]
[BlackClock "0:00:08"]

1. Nf3 Nf6 2. g3 d5 3. Bg2 Bf5 4. d3 e6 5. O-O h6 6. Nbd2 c6 7. c3 Be7 8. Qc2 O-O 9. a3 a5 10. b3 b5 11. Bb2 Bh7 12. Rfe1 Na6 13. Rac1 c5 14. c4 bxc4 15. bxc4 Rb8 16. Ne5 Qc7 17. Rb1 Rb6 18. cxd5 exd5 19. Rec1 Rfb8 20. Ba1 Rxb1 21. Rxb1 Rxb1+ 22. Qxb1 c4 23. Qb5 c3 24. Nb3 Qxe5 25. Qxa6 Qxe2 26. Bf1 Qd1 27. Qc8+ Bf8 28. Qxc3 d4 29. Nxd4 Nd5 30. Qc4 Qxa1 31. Nb3 Qe5 32. d4 Qe6 33. Nxa5 Bxa3 34. Nb7 Be4 35. Nc5 Bxc5 36. dxc5 Ne7 37. Qd4 Qd5 38. Qe3 Nf5 39. Qf4 Nd4 40. Qb8+ Kh7 41. Qd6 Nf3+ 42. Kh1 Qa2 43. Qf4 Qb1 44. Kg2 Nd2+ 45. Kh3 Qxf1+ 0-1


[Site "https://www.chess.com"]

[Event "Titled Tuesday Blitz December 20 Late 2022"]
[White "Marin Masis, Jose Esteban"]
[Black "Lopez Idarraga, Daniel Eduardo"]
[WhiteFideId "6508146"]
[BlackFideId "4405501"]
[WhiteElo "1838"]
[BlackElo "2064"]
[Result "0-1"]
[Round "04"]
[TimeControl "180+1"]
[Date "2022.12.21"]
[WhiteClock "0:00:36"]
[BlackClock "0:01:34"]

1. e4 e6 2. e5 d5 3. exd6 cxd6 4. d4 Nc6 5. Nc3 Nf6 6. Nf3 Be7 7. Bb5 O-O 8. O-O Qb6 9. Re1 Bd7 10. a3 Rac8 11. Bd3 Rfe8 12. d5 Nxd5 13. Nxd5 exd5 14. b3 Bf6 15. Rb1 Bg4 16. Rxe8+ Rxe8 17. h3 Bh5 18. g4 Bg6 19. g5 Bc3 20. Bxg6 hxg6 21. Qd3 d4 22. Bf4 Ne5 23. Nxe5 dxe5 24. Bg3 e4 25. Qc4 e3 26. fxe3 Rxe3 27. Qc8+ Kh7 28. Bf2 Qe6 29. Qxb7 Rxh3 30. Qg2 Rh5 31. Rd1 Qf5 32. Kf1 Rxg5 33. Qh1+ Rh5 34. Qc6 Qxc2 35. Qf3 Qxb3 36. Bxd4 Qc4+ 37. Qd3 Qxd3+ 38. Rxd3 Bxd4 39. Rxd4 Rh3 40. Ra4 g5 41. Rxa7 f5 42. Ra8 f4 43. a4 g4 44. a5 Ra3 45. a6 g3 46. a7 f3 47. Kg1 Ra1# 0-1


[Site "https://www.chess.com"]

[Event "Titled Tuesday Blitz December 20 Late 2022"]
[White "Martinez Reyes, Pedro Ramon"]
[Black "Han, Yichen"]
[WhiteFideId "3901807"]
[BlackFideId "1054430"]
[WhiteElo "2354"]
[BlackElo "2323"]
[Result "1-0"]
[Round "04"]
[TimeControl "180+1"]
[Date "2022.12.21"]
[WhiteClock "0:00:09"]
[BlackClock "0:00:02"]

1. e4 c6 2. Nf3 g6 3. d4 Bg7 4. Nc3 d5 5. exd5 cxd5 6. Be2 Nc6 7. O-O Bg4 8. h3 Bxf3 9. Bxf3 e6 10. Ne2 Nge7 11. c3 O-O 12. Nf4 Rb8 13. Nd3 Nf5 14. a4 b6 15. Bf4 Rc8 16. g3 Nd6 17. h4 h5 18. Kg2 Nc4 19. Qe2 Re8 20. Rae1 Qd7 21. g4 hxg4 22. Bxg4 f5 23. Bf3 e5 24. dxe5 N6xe5 25. Nxe5 Nxe5 26. Bxe5 Rxe5 27. Qd3 Rd8 28. Rxe5 Bxe5 29. Rd1 Qxa4 30. Qe3 Qf4 31. Qxf4 Bxf4 32. Bxd5+ Kg7 33. c4 Be5 34. b4 Bf6 35. c5 bxc5 36. bxc5 Bxh4 37. c6 Bf6 38. f4 Be7 39. Re1 Bd6 40. Rb1 Rc8 41. Kf3 Rc7 42. Re1 a5 43. Re8 a4 44. Rd8 Be7 45. Ra8 a3 46. Ke2 Bd6 47. Ke3 Re7+ 48. Kf3 Rc7 49. Ke3 Kf6 50. Rd8 Bc5+ 51. Kd3 Ke7 52. Ra8 Kd6 53. Kc4 Be3 54. Rd8+ Ke7 55. Rg8 Bxf4 56. Rxg6 Bd6 57. Re6+ Kd8 58. Rxd6+ Kc8 59. Kb5 f4 60. Kb6 Kb8 61. Be6 Re7 62. Rd8# 1-0


[Site "https://www.chess.com"]

[Event "Titled Tuesday Blitz December 20 Late 2022"]
[White "Martins Jr Sobrinho, Manuel De"]
[Black "Bambino Filho, Antonio Carlos"]
[WhiteFideId "2170310"]
[BlackFideId "2113163"]
[WhiteElo "1924"]
[BlackElo "2409"]
[Result "0-1"]
[Round "04"]
[TimeControl "180+1"]
[Date "2022.12.21"]
[WhiteClock "0:01:54"]
[BlackClock "0:02:27"]

1. e4 g6 2. d4 Bg7 3. Nc3 d6 4. f4 Nf6 5. Nf3 O-O 6. Bd3 c5 7. dxc5 dxc5 8. e5 Nd5 9. Nxd5 Qxd5 10. Qe2 Bf5 11. Bxf5 gxf5 12. Be3 b6 13. O-O Nc6 14. Rfd1 Qe4 15. c3 Rfd8 16. Ng5 Qa4 17. Qh5 Rxd1+ 18. Rxd1 Rd8 19. Qxf7+ Kh8 20. Rxd8+ Nxd8 21. Qe8+ Qxe8 0-1


[Site "https://www.chess.com"]

[Event "Titled Tuesday Blitz December 20 Late 2022"]
[White "Matinian, Nikita"]
[Black "Battlecruiser_Operational"]
[WhiteFideId "24129100"]
[WhiteElo "2422"]
[BlackElo "2427"]
[Result "1-0"]
[Round "04"]
[TimeControl "180+1"]
[Date "2022.12.21"]
[WhiteClock "0:00:17"]
[BlackClock "0:00:01"]

1. e4 e6 2. d4 d5 3. Nc3 h6 4. Nf3 Nf6 5. Bd3 Nc6 6. O-O Nb4 7. e5 Nxd3 8. Qxd3 Nd7 9. Ne2 c5 10. c3 Be7 11. Ng3 cxd4 12. cxd4 a5 13. Bf4 b6 14. Rfe1 Ba6 15. Qd2 Bb4 16. Qe3 g5 17. Nxg5 Bxe1 18. Nxf7 Kxf7 19. Rxe1 Rc8 20. h3 Nf8 21. Bxh6 Rg8 22. Nh5 Qh4 23. Qf3+ Ke7 24. g3 Nh7 25. Kh2 Qxd4 26. Be3 Qxb2 27. Qf4 Rcf8 28. Qh4+ Kd7 29. Nf4 Ng5 30. Kg2 Ne4 31. Qh7+ Kc8 32. Rc1+ Bc4 33. Rxc4+ dxc4 34. Qxe4 Qb5 35. Nxe6 Kb8 36. Nxf8 Rxf8 37. e6 Rc8 38. Bf4+ Ka7 39. e7 Re8 40. h4 c3 41. Bg5 Qc5 42. Qe6 1-0


[Site "https://www.chess.com"]